Washington Capitals vs San Jose Sharks

Created - Saturday, December 6, 2025 at 07:43

Goals
1 2 3 T
Washington Capitals 1 1 1 3
San Jose Sharks 0 1 0 1
Shots
1 2 3 T
Washington Capitals 10 14 9 33
San Jose Sharks 9 9 12 30

1st period

1. Washington Capitals , Sean Kuraly 2 (Nikita Zadorov 3, Stefan Noesen 3) at 9:38

Penalties :
Sean Kuraly (WSH) for Tripping (Minor) at 14:03, Stefan Noesen (WSH) for Holding (Minor) at 19:38

2nd period

2. San Jose Sharks , Carter Verhaeghe 4 (Josh Manson 5) at 7:52
3. Washington Capitals , Alex Ovechkin 3 (Nick Foligno 2) at 14:17

Penalties :
Jamie Oleksiak (WSH) for Holding (Minor) at 3:10, Max Domi (SJS) for High sticking (Minor) at 18:23

3rd period

4. Washington Capitals , Sean Kuraly 3 (Stefan Noesen 4) at 4:43

Penalties :
Tyler Myers (WSH) for Tripping (Minor) at 6:08, Stefan Noesen (WSH) for High sticking (Minor) at 10:35, Tyler Myers (WSH) for Tripping (Minor) at 13:13, John Carlson (WSH) for Tripping (Minor) at 15:56

Goalie Stats

Jake Oettinger (WSH), 29 saves from 30 shots - (0.967), W, 8-2-0, 60:00 minutes
Jacob Markstrom (SJS), 30 saves from 33 shots - (0.909), L, 4-6-0, 60:00 minutes

Players Stats for Washington Capitals

Player Name              G  A  P  +/- PIM S  H  SB GA TA FO     MP     PP MP  PK MP  
------------------------------------------------------------------------------------
Alex Ovechkin            1  0  1   0  0   4  0  0  1  0  0/0    12:19   0:49   0:00 
Drake Batherson          0  0  0   0  0   3  5  0  0  0  0/0    15:32   1:10   0:25 
Fabian Zetterlund        0  0  0   0  0   3  0  0  0  1  0/0     8:54   0:00   0:00 
Ian Cole                 0  0  0   2  0   1  2  1  0  0  0/0    23:10   0:00   7:23 
James van Riemsdyk       0  0  0   2  0   2  0  0  0  1  0/0    10:55   1:01   0:00 
Jamie Oleksiak           0  0  0   0  2   0  0  0  0  0  0/0    21:26   0:00   6:07 
Jason Robertson          0  0  0   0  0   4  0  0  0  0  0/1    14:10   1:10   0:00 
John Carlson             0  0  0   2  2   0  0  2  1  0  0/0    23:30   1:01   6:02 
Lars Eller               0  0  0   0  0   1  0  1  0  0  1/4    10:32   0:00   0:41 
Nick Foligno             0  1  1   0  0   1  0  0  0  0  15/25  19:20   0:49   6:50 
Nick Jensen              0  0  0   0  0   0  0  2  0  0  0/0    14:08   0:00   1:34 
Nico Hischier            0  0  0   0  0   2  0  0  1  1  8/15   20:48   1:10   6:41 
Nikita Zadorov           0  1  1   0  0   2  2  2  0  0  0/0    22:00   0:00   6:40 
Owen Tippett             0  0  0   0  0   2  2  0  1  0  0/0    10:11   0:58   0:00 
Sean Kuraly              2  0  2   2  2   3  1  1  0  1  6/8    15:14   0:00   5:43 
Stefan Noesen            0  2  2   2  4   4  1  0  0  1  0/0    11:15   0:00   0:52 
Tom Wilson               0  0  0   0  0   1  2  0  1  1  0/0    19:07   0:49   6:34 
Tyler Myers              0  0  0   0  4   0  0  0  0  0  0/0    13:29   0:58   0:00 

Players Stats for San Jose Sharks

Player Name              G  A  P  +/- PIM S  H  SB GA TA FO     MP     PP MP  PK MP  
------------------------------------------------------------------------------------
Alexander Wennberg       0  0  0   0  0   0  0  0  0  0  1/2     0:55   0:00   0:00 
Andre Burakovsky         0  0  0  -1  0   3  1  0  1  0  0/0    18:11   5:46   0:00 
Anthony Beauvillier      0  0  0   0  0   2  1  0  0  0  0/2    16:09   1:02   0:58 
Brandon Tanev            0  0  0   0  0   2  0  0  0  0  0/0    11:48   1:32   0:00 
Carter Verhaeghe         1  0  1  -1  0   4  0  0  1  1  0/1    19:29   6:35   1:01 
Casey Cizikas            0  0  0   1  0   1  0  0  0  0  3/5    19:11   5:18   0:58 
Connor Murphy            0  0  0  -3  0   0  0  3  0  1  0/0    25:19   6:32   1:10 
Ilya Mikheyev            0  0  0  -2  0   3  1  0  0  2  8/17   22:11   7:20   0:00 
Jake McCabe              0  0  0   0  0   0  2  0  0  0  0/0    11:46   0:00   0:00 
Josh Manson              0  1  1   1  0   0  4  3  0  1  0/0    23:44   7:21   1:10 
Justin Barron            0  0  0   1  0   0  0  1  0  0  0/0    20:35   6:32   0:49 
Kevin Fiala              0  0  0  -1  0   5  2  3  1  0  0/2    19:28   6:35   1:01 
Marcus Pettersson        0  0  0  -1  0   4  1  0  0  0  0/0    25:28   7:16   0:49 
Mark Jankowski           0  0  0   0  0   1  0  0  1  0  1/1     7:29   0:00   0:00 
Mattias Samuelsson       0  0  0  -2  0   0  0  0  1  0  0/0    13:08   0:05   0:00 
Max Domi                 0  0  0  -1  2   1  1  0  1  0  2/2    19:30   6:37   0:00 
Morgan Geekie            0  0  0   0  0   4  1  0  0  0  5/12    9:53   0:00   0:00 
Travis Boyd              0  0  0  -1  0   0  0  0  0  0  3/9    13:46   0:54   0:00 

3 Stars

1 - Sean Kuraly (WSH)
2 - Jake Oettinger (WSH)
3 - Alex Ovechkin (WSH)

Power Play

Washington Capitals - 0 on 1 Attempt(s) - 0.00%
San Jose Sharks - 0 on 7 Attempt(s) - 0.00%

Penalty Kill

Washington Capitals - 7 on 7 Attempt(s) - 100.00% - Score 0 goal in Penalty Kill
San Jose Sharks - 1 on 1 Attempt(s) - 100.00% - Score 0 goal in Penalty Kill

Team Stat

Washington Capitals - Hits : 15 - Faceoff Wins : 30 - Blocked Shots : 9 - Penalty Minutes : 14
San Jose Sharks - Hits : 14 - Faceoff Wins : 23 - Blocked Shots : 10 - Penalty Minutes : 2

Official

Referees : Ian Walsh and Corey Syvret
Linesman : Ryan Daisy and Julien Fournier

Game Notes

Alexander Wennberg is injured at 5:14 of 1st period (Right Leg)

Finance

Level 1 -- Attendance: 5331 (88.85%) -- Ticket Income $666,375
Level 2 -- Attendance: 4317 (86.34%) -- Ticket Income $323,775
Level 3 -- Attendance: 2447 (81.57%) -- Ticket Income $122,350
Level 4 -- Attendance: 4188 (83.76%) -- Ticket Income $125,640
Luxury Box -- Attendance: 927 (92.70%) -- Ticket Income $185,400
Game was played at the SAP Center at San Jose.
Total Attendance: 17210 (86.05%)
Total Ticket Income: $1,423,540
Other Income: $498,239
Total Income: $1,921,779

Washington Capitals

5 vs 5 Forward 
   Center                   Left Wing                Right Wing               Time % Phy DF OF 
 1 Nick Foligno             Alex Ovechkin            Tom Wilson               30     1   1  3  
 2 Nico Hischier            Drake Batherson          Jason Robertson          30     0   1  4  
 3 Sean Kuraly              James van Riemsdyk       Stefan Noesen            25     0   3  2  
 4 Lars Eller               Owen Tippett             Fabian Zetterlund        15     0   2  3  

5 vs 5 Defense 
   Defense                  Defense                                           Time % Phy DF OF 
 1 John Carlson             Ian Cole                                          38     0   3  2  
 2 Nikita Zadorov           Jamie Oleksiak                                    37     0   3  2  
 3 Tyler Myers              Nick Jensen                                       25     0   4  1  
 4 Tyler Myers              Nick Jensen                                       0      1   2  2  

PowerPlay Forward 
   Center                   Left Wing                Right Wing               Time % Phy DF OF 
 1 Nick Foligno             Alex Ovechkin            Tom Wilson               50     0   0  5  
 2 Nico Hischier            Drake Batherson          Jason Robertson          50     0   0  5  

PowerPlay Defense
   Defense                  Defense                                           Time % Phy DF OF 
 1 John Carlson             James van Riemsdyk                                50     0   1  4  
 2 Tyler Myers              Owen Tippett                                      50     0   1  4  

Penalty Kill 4 Players Forward 
   Center                   Wing                     Time % Phy DF OF 
 1 Nick Foligno             Tom Wilson               50     0   5  0  
 2 Nico Hischier            Sean Kuraly              50     0   5  0  

Penalty Kill 4 Players Defense
   Defense                  Defense                  Time % Phy DF OF 
 1 John Carlson             Ian Cole                 50     1   4  0  
 2 Nikita Zadorov           Jamie Oleksiak           50     1   4  0  

Penalty Kill - 3 Players Forward 
   Forward                                           Time % Phy DF OF 
 1 Nick Foligno                                      50     0   5  0  
 2 Nico Hischier                                     50     0   5  0  

Penalty Kill - 3 Players Defense
   Defense                  Defense                  Time % Phy DF OF 
 1 John Carlson             Ian Cole                 50     0   5  0  
 2 Nikita Zadorov           Jamie Oleksiak           50     0   5  0  

4 vs 4 Forward 
   Center                   Wing                     Time % Phy DF OF 
 1 Nick Foligno             Owen Tippett             50     0   1  4  
 2 Nico Hischier            Jason Robertson          50     0   1  4  

4 vs 4 Defense
   Defense                  Defense                  Time % Phy DF OF 
 1 John Carlson             Ian Cole                 50     0   2  3  
 2 Nikita Zadorov           Tyler Myers              50     0   2  3  

Last Minutes Offensive
   Center                   Left Wing                Right Wing               Defense                  Defense                  
   Nico Hischier            Drake Batherson          Alex Ovechkin            John Carlson             Jason Robertson          

Last Minutes Defensive
   Center                   Left Wing                Right Wing               Defense                  Defense                  
   Nico Hischier            Nick Foligno             Tom Wilson               Nikita Zadorov           Jamie Oleksiak           

Goaltenders
Starting : Jake Oettinger           
Backup : Casey DeSmith            

Extra Forwards
Normal : Stefan Noesen, Owen Tippett, Fabian Zetterlund - PP : Fabian Zetterlund, Stefan Noesen - PK : Stefan Noesen
Extra Defensemen
Normal : Jamie Oleksiak, Nick Jensen, Tyler Myers - PP : Ian Cole - PK : Jamie Oleksiak, Nick Jensen
Penalty Shots
Jason Robertson, Lars Eller, Owen Tippett, Alex Ovechkin, Drake Batherson

Scratches
Mason Lohrei (Healthy), Marcus Johansson (Healthy), Tomas Hertl (Healthy), Calvin Pickard (Healthy)

San Jose Sharks

5 vs 5 Forward 
   Center                   Left Wing                Right Wing               Time % Phy DF OF 
 1 Alexander Wennberg       Kevin Fiala              Carter Verhaeghe         30     1   2  2  
 2 Travis Boyd              Max Domi                 Andre Burakovsky         30     1   2  2  
 3 Morgan Geekie            Anthony Beauvillier      Ilya Mikheyev            25     1   2  2  
 4 Casey Cizikas            Brandon Tanev            Mark Jankowski           15     1   2  2  

5 vs 5 Defense 
   Defense                  Defense                                           Time % Phy DF OF 
 1 Mattias Samuelsson       Connor Murphy                                     30     1   2  2  
 2 Jake McCabe              Marcus Pettersson                                 30     1   2  2  
 3 Josh Manson              Justin Barron                                     25     1   2  2  
 4 Marcus Pettersson        Connor Murphy                                     15     1   2  2  

PowerPlay Forward 
   Center                   Left Wing                Right Wing               Time % Phy DF OF 
 1 Alexander Wennberg       Kevin Fiala              Carter Verhaeghe         50     1   2  2  
 2 Ilya Mikheyev            Max Domi                 Andre Burakovsky         50     1   2  2  

PowerPlay Defense
   Defense                  Defense                                           Time % Phy DF OF 
 1 Justin Barron            Connor Murphy                                     50     1   2  2  
 2 Josh Manson              Marcus Pettersson                                 50     1   2  2  

Penalty Kill 4 Players Forward 
   Center                   Wing                     Time % Phy DF OF 
 1 Kevin Fiala              Carter Verhaeghe         50     1   2  2  
 2 Alexander Wennberg       Anthony Beauvillier      50     1   2  2  

Penalty Kill 4 Players Defense
   Defense                  Defense                  Time % Phy DF OF 
 1 Josh Manson              Connor Murphy            50     1   2  2  
 2 Justin Barron            Marcus Pettersson        50     1   2  2  

Penalty Kill - 3 Players Forward 
   Forward                                           Time % Phy DF OF 
 1 Kevin Fiala                                       50     1   2  2  
 2 Carter Verhaeghe                                  50     1   2  2  

Penalty Kill - 3 Players Defense
   Defense                  Defense                  Time % Phy DF OF 
 1 Josh Manson              Connor Murphy            50     1   2  2  
 2 Justin Barron            Marcus Pettersson        50     1   2  2  

4 vs 4 Forward 
   Center                   Wing                     Time % Phy DF OF 
 1 Alexander Wennberg       Kevin Fiala              50     1   2  2  
 2 Max Domi                 Carter Verhaeghe         50     1   2  2  

4 vs 4 Defense
   Defense                  Defense                  Time % Phy DF OF 
 1 Justin Barron            Connor Murphy            50     1   2  2  
 2 Josh Manson              Marcus Pettersson        50     1   2  2  

Last Minutes Offensive
   Center                   Left Wing                Right Wing               Defense                  Defense                  
   Carter Verhaeghe         Kevin Fiala              Travis Boyd              Mattias Samuelsson       Connor Murphy            

Last Minutes Defensive
   Center                   Left Wing                Right Wing               Defense                  Defense                  
   Carter Verhaeghe         Kevin Fiala              Travis Boyd              Mattias Samuelsson       Connor Murphy            

Goaltenders
Starting : Jacob Markstrom          
Backup : Jakub Dobes              

Extra Forwards
Normal : Ilya Mikheyev, Kevin Fiala, Anthony Beauvillier - PP : Ilya Mikheyev, Carter Verhaeghe - PK : Anthony Beauvillier
Extra Defensemen
Normal : Josh Manson, Justin Barron, Connor Murphy - PP : Josh Manson - PK : Justin Barron, Connor Murphy
Penalty Shots
Kevin Fiala, Carter Verhaeghe, Alexander Wennberg, Travis Boyd, Max Domi

Scratches
Adam Henrique (Healthy), Jon Merrill (Healthy), Danton Heinen (Healthy)

% Time on Ice - Washington Capitals

Lines # - Real PCT - Wanted PCT - Time Play
Normal Forward
1 - 29% - 30% - 12:47
2 - 30% - 30% - 13:05
3 - 21% - 25% - 9:22
4 - 20% - 15% - 8:54
Normal Defense
1 - 37% - 38% - 16:19
2 - 35% - 37% - 15:20
3 - 28% - 25% - 12:22
4 - 0% - 0% - 0:07
PP Forward
1 - 41% - 50% - 0:49
2 - 59% - 50% - 1:10
PP Defense
1 - 51% - 50% - 1:01
2 - 49% - 50% - 0:58
PK Forward
1 - 49% - 50% - 6:50
2 - 51% - 50% - 7:03
PK Defense
1 - 51% - 50% - 7:01
2 - 49% - 50% - 6:52
PK3 Forward
1 - 0% - 50%
2 - 0% - 50%
PK3 Defense
1 - 0% - 50%
2 - 0% - 50%
44 Forward
1 - 0% - 50%
2 - 0% - 50%
44 Defense
1 - 0% - 50%
2 - 0% - 50%
Last Minute Offensive  - 0:00
Last Minute Defensive  - 0:00
Total
Forward - 60:00
Defense - 60:00

% Time on Ice - San Jose Sharks

Lines # - Real PCT - Wanted PCT - Time Play
Normal Forward
1 - 31% - 30% - 13:42
2 - 30% - 30% - 13:04
3 - 22% - 25% - 9:53
4 - 17% - 15% - 7:29
Normal Defense
1 - 31% - 30% - 13:37
2 - 32% - 30% - 14:17
3 - 28% - 25% - 12:10
4 - 9% - 15% - 4:04
PP Forward
1 - 58% - 50% - 8:07
2 - 42% - 50% - 5:46
PP Defense
1 - 47% - 50% - 6:32
2 - 53% - 50% - 7:21
PK Forward
1 - 51% - 50% - 1:01
2 - 49% - 50% - 0:58
PK Defense
1 - 59% - 50% - 1:10
2 - 41% - 50% - 0:49
PK3 Forward
1 - 0% - 50%
2 - 0% - 50%
PK3 Defense
1 - 0% - 50%
2 - 0% - 50%
44 Forward
1 - 0% - 50%
2 - 0% - 50%
44 Defense
1 - 0% - 50%
2 - 0% - 50%
Last Minute Offensive  - 0:00
Last Minute Defensive  - 0:00
Total
Forward - 60:00
Defense - 60:00

Play-by-Play

1st period


0:01 of 1st period - Nick Foligno wins face-off versus Alexander Wennberg in neutral zone.
2:20 of 1st period - Wrist shot by James van Riemsdyk.
2:20 of 1st period - Stopped by Jacob Markstrom with a rebound.
2:46 of 1st period - Snap shot by Travis Boyd.
2:46 of 1st period - Shot Misses the Net.
3:16 of 1st period - Snap shot by Andre Burakovsky.
3:16 of 1st period - Shot Misses the Net.
3:23 of 1st period - Off-side.
3:24 of 1st period - Nico Hischier wins face-off versus Morgan Geekie in neutral zone.
4:00 of 1st period - Connor Murphy is hit by Drake Batherson and loses puck.
4:07 of 1st period - Mattias Samuelsson is hit by Drake Batherson and loses puck.
4:27 of 1st period - Josh Manson is hit by Drake Batherson and loses puck.
4:36 of 1st period - Jamie Oleksiak is hit by Jake McCabe and loses puck.
4:49 of 1st period - Slapshot by Mark Jankowski.
4:49 of 1st period - Stopped by Jake Oettinger with a rebound.
4:59 of 1st period - Justin Barron is hit by Nikita Zadorov and loses puck.
5:08 of 1st period - Wrist shot by Jason Robertson.
5:08 of 1st period - Shot Blocked by Josh Manson.
5:10 of 1st period - Backhand shot by Drake Batherson.
5:10 of 1st period - Stopped by Jacob Markstrom with a rebound.
5:12 of 1st period - Snap shot by Jason Robertson.
5:12 of 1st period - Stopped by Jacob Markstrom without a rebound.
5:13 of 1st period - Alexander Wennberg wins face-off versus Nick Foligno in San Jose Sharks zone.
5:13 of 1st period - Alexander Wennberg is hit by Tom Wilson.
5:14 of 1st period - Alexander Wennberg from San Jose Sharks is injured at 5:14 of 1st period (Right Leg).
5:15 of 1st period - Ilya Mikheyev wins face-off versus Nick Foligno in San Jose Sharks zone.
5:43 of 1st period - Wrist shot by Mark Jankowski.
5:43 of 1st period - Deflect By Casey Cizikas.
5:43 of 1st period - Shot Misses the Net.
5:43 of 1st period - Puck is out of play.
5:44 of 1st period - Mark Jankowski wins face-off versus Sean Kuraly in Washington Capitals zone.
6:19 of 1st period - Wrist shot by Kevin Fiala.
6:19 of 1st period - Shot Misses the Net.
6:35 of 1st period - Slapshot by Andre Burakovsky.
6:35 of 1st period - Shot Misses the Net.
6:37 of 1st period - Snap shot by Josh Manson.
6:37 of 1st period - Shot Misses the Net.
6:39 of 1st period - Snap shot by Andre Burakovsky.
6:39 of 1st period - Stopped by Jake Oettinger with a rebound.
7:50 of 1st period - Snap shot by Carter Verhaeghe.
7:50 of 1st period - Shot Misses the Net.
7:52 of 1st period - Wrist shot by Kevin Fiala.
7:52 of 1st period - Stopped by Jake Oettinger with a rebound.
8:13 of 1st period - Slapshot by Tom Wilson.
8:13 of 1st period - Shot Misses the Net.
8:31 of 1st period - Drake Batherson is hit by Anthony Beauvillier and loses puck.
9:03 of 1st period - Snap shot by Owen Tippett.
9:03 of 1st period - Shot Blocked by Josh Manson.
9:25 of 1st period - Snap shot by Alex Ovechkin.
9:25 of 1st period - Stopped by Jacob Markstrom with a rebound.
9:27 of 1st period - Backhand shot by Nikita Zadorov.
9:27 of 1st period - Stopped by Jacob Markstrom without a rebound.
9:28 of 1st period - Sean Kuraly wins face-off versus Ilya Mikheyev in San Jose Sharks zone.
9:34 of 1st period - Snap shot by Stefan Noesen.
9:34 of 1st period - Shot Misses the Net.
9:36 of 1st period - Slapshot by Nikita Zadorov.
9:36 of 1st period - Stopped by Jacob Markstrom with a rebound.
9:38 of 1st period - Slapshot by Sean Kuraly.
9:38 of 1st period - Goal by Sean Kuraly - Washington Capitals : 1 - San Jose Sharks : 0.
9:39 of 1st period - Nick Foligno wins face-off versus Morgan Geekie in neutral zone.
9:50 of 1st period - Snap shot by Alex Ovechkin.
9:50 of 1st period - Shot Misses the Net.
9:54 of 1st period - Snap shot by Alex Ovechkin.
9:54 of 1st period - Stopped by Jacob Markstrom without a rebound.
9:55 of 1st period - Sean Kuraly wins face-off versus Ilya Mikheyev in San Jose Sharks zone.
10:00 of 1st period - Snap shot by Stefan Noesen.
10:00 of 1st period - Shot Blocked by Kevin Fiala.
10:28 of 1st period - Snap shot by Stefan Noesen.
10:28 of 1st period - Stopped by Jacob Markstrom with a rebound.
12:43 of 1st period - Snap shot by Brandon Tanev.
12:43 of 1st period - Stopped by Jake Oettinger without a rebound.
12:44 of 1st period - Casey Cizikas wins face-off versus Nico Hischier in Washington Capitals zone.
13:55 of 1st period - Backhand shot by Kevin Fiala.
13:55 of 1st period - Stopped by Jake Oettinger with a rebound.
13:57 of 1st period - Slapshot by Kevin Fiala.
13:57 of 1st period - Stopped by Jake Oettinger with a rebound.
14:03 of 1st period - Minor Penalty to Sean Kuraly for Tripping.
14:04 of 1st period - Ilya Mikheyev wins face-off versus Nick Foligno in Washington Capitals zone.
14:29 of 1st period - Ian Cole is hit by Andre Burakovsky and loses puck.
16:03 of 1st period - Penalty to Sean Kuraly is over, Sean Kuraly is back on ice.
16:17 of 1st period - Snap shot by Owen Tippett.
16:17 of 1st period - Shot Misses the Net.
16:33 of 1st period - Snap shot by Stefan Noesen.
16:33 of 1st period - Stopped by Jacob Markstrom without a rebound.
16:34 of 1st period - Sean Kuraly wins face-off versus Casey Cizikas in San Jose Sharks zone.
17:09 of 1st period - Snap shot by Jason Robertson.
17:09 of 1st period - Shot Misses the Net.
17:36 of 1st period - Sean Kuraly is hit by Kevin Fiala and loses puck.
17:49 of 1st period - Wrist shot by Tom Wilson.
17:49 of 1st period - Shot Misses the Net.
17:57 of 1st period - Snap shot by Alex Ovechkin.
17:57 of 1st period - Shot Misses the Net.
18:15 of 1st period - Snap shot by Andre Burakovsky.
18:15 of 1st period - Shot Misses the Net.
18:31 of 1st period - Wrist shot by Kevin Fiala.
18:31 of 1st period - Stopped by Jake Oettinger with a rebound.
18:33 of 1st period - Snap shot by Carter Verhaeghe.
18:33 of 1st period - Stopped by Jake Oettinger with a rebound.
18:35 of 1st period - Wrist shot by Casey Cizikas.
18:35 of 1st period - Stopped by Jake Oettinger with a rebound.
18:37 of 1st period - Snap shot by Kevin Fiala.
18:37 of 1st period - Deflect By Carter Verhaeghe.
18:37 of 1st period - Shot Misses the Net.
18:37 of 1st period - Puck is out of play.
18:38 of 1st period - Nick Foligno wins face-off versus Anthony Beauvillier in Washington Capitals zone.
18:49 of 1st period - Snap shot by Alex Ovechkin.
18:49 of 1st period - Shot Misses the Net.
19:26 of 1st period - Wrist shot by Mark Jankowski.
19:26 of 1st period - Shot Misses the Net.
19:28 of 1st period - Wrist shot by Mark Jankowski.
19:28 of 1st period - Shot Blocked by Sean Kuraly.
19:30 of 1st period - Wrist shot by Brandon Tanev.
19:30 of 1st period - Shot Misses the Net.
19:32 of 1st period - Snap shot by Mattias Samuelsson.
19:32 of 1st period - Shot Blocked by John Carlson.
19:38 of 1st period - Minor Penalty to Stefan Noesen for Holding.
19:39 of 1st period - Nick Foligno wins face-off versus Ilya Mikheyev in Washington Capitals zone.
Goals for this period are 1 for Washington Capitals vs 0 for San Jose Sharks.
Shots for this period are 10 for Washington Capitals vs 9 for San Jose Sharks.

2nd period


0:01 of 2nd period - Nick Foligno wins face-off versus Ilya Mikheyev in neutral zone.
0:14 of 2nd period - Snap shot by Ilya Mikheyev.
0:14 of 2nd period - Stopped by Jake Oettinger with a rebound.
0:16 of 2nd period - Wrist shot by Andre Burakovsky.
0:16 of 2nd period - Deflect By John Carlson.
0:16 of 2nd period - Stopped by Jake Oettinger with a rebound.
0:35 of 2nd period - Wrist shot by Kevin Fiala.
0:35 of 2nd period - Shot Misses the Net.
1:38 of 2nd period - Penalty to Stefan Noesen is over, Stefan Noesen is back on ice.
1:52 of 2nd period - Snap shot by Stefan Noesen.
1:52 of 2nd period - Stopped by Jacob Markstrom with a rebound.
2:32 of 2nd period - Snap shot by Ilya Mikheyev.
2:32 of 2nd period - Shot Blocked by Ian Cole.
2:34 of 2nd period - Snap shot by Brandon Tanev.
2:34 of 2nd period - Stopped by Jake Oettinger without a rebound.
2:35 of 2nd period - Nick Foligno wins face-off versus Travis Boyd in Washington Capitals zone.
3:10 of 2nd period - Minor Penalty to Jamie Oleksiak for Holding.
3:11 of 2nd period - Max Domi wins face-off versus Nick Foligno in Washington Capitals zone.
4:04 of 2nd period - Sean Kuraly is hit by Kevin Fiala.
4:24 of 2nd period - Tom Wilson is hit by Josh Manson and loses puck.
5:10 of 2nd period - Penalty to Jamie Oleksiak is over, Jamie Oleksiak is back on ice.
6:30 of 2nd period - Brandon Tanev is hit by Ian Cole and loses puck.
7:06 of 2nd period - Slapshot by Fabian Zetterlund.
7:06 of 2nd period - Stopped by Jacob Markstrom without a rebound.
7:07 of 2nd period - Nico Hischier wins face-off versus Travis Boyd in San Jose Sharks zone.
7:14 of 2nd period - Snap shot by Jason Robertson.
7:14 of 2nd period - Deflect By Nico Hischier.
7:14 of 2nd period - Stopped by Jacob Markstrom with a rebound.
7:16 of 2nd period - Wrist shot by Jason Robertson.
7:16 of 2nd period - Stopped by Jacob Markstrom without a rebound.
7:17 of 2nd period - Morgan Geekie wins face-off versus Nico Hischier in San Jose Sharks zone.
7:32 of 2nd period - Jamie Oleksiak is hit by Josh Manson and loses puck.
7:52 of 2nd period - Snap shot by Carter Verhaeghe.
7:52 of 2nd period - Goal by Carter Verhaeghe - Washington Capitals : 1 - San Jose Sharks : 1.
7:53 of 2nd period - Travis Boyd wins face-off versus Nico Hischier in neutral zone.
8:18 of 2nd period - Nick Foligno is hit by Morgan Geekie and loses puck.
8:27 of 2nd period - Wrist shot by Morgan Geekie.
8:27 of 2nd period - Stopped by Jake Oettinger with a rebound.
8:51 of 2nd period - Snap shot by Owen Tippett.
8:51 of 2nd period - Stopped by Jacob Markstrom with a rebound.
9:01 of 2nd period - Snap shot by James van Riemsdyk.
9:01 of 2nd period - Shot Misses the Net.
9:03 of 2nd period - Wrist shot by Ian Cole.
9:03 of 2nd period - Stopped by Jacob Markstrom with a rebound.
9:05 of 2nd period - Wrist shot by Sean Kuraly.
9:05 of 2nd period - Shot Misses the Net.
9:07 of 2nd period - Slapshot by John Carlson.
9:07 of 2nd period - Shot Blocked by Josh Manson.
9:09 of 2nd period - Slapshot by John Carlson.
9:09 of 2nd period - Shot Blocked by Justin Barron.
9:31 of 2nd period - Wrist shot by Jason Robertson.
9:31 of 2nd period - Stopped by Jacob Markstrom with a rebound.
10:35 of 2nd period - Nikita Zadorov is hit by Josh Manson.
10:43 of 2nd period - Snap shot by Andre Burakovsky.
10:43 of 2nd period - Shot Misses the Net.
11:05 of 2nd period - Snap shot by Sean Kuraly.
11:05 of 2nd period - Shot Blocked by Connor Murphy.
11:41 of 2nd period - Snap shot by Lars Eller.
11:41 of 2nd period - Stopped by Jacob Markstrom without a rebound.
11:42 of 2nd period - Morgan Geekie wins face-off versus Nico Hischier in San Jose Sharks zone.
11:42 of 2nd period - Morgan Geekie is hit by Drake Batherson.
11:48 of 2nd period - Nico Hischier is hit by Jake McCabe and loses puck.
11:57 of 2nd period - Slapshot by Anthony Beauvillier.
11:57 of 2nd period - Stopped by Jake Oettinger with a rebound.
12:25 of 2nd period - Icing by Connor Murphy.
12:26 of 2nd period - Sean Kuraly wins face-off versus Ilya Mikheyev in San Jose Sharks zone.
12:27 of 2nd period - Wrist shot by Stefan Noesen.
12:27 of 2nd period - Shot Misses the Net.
13:40 of 2nd period - Travis Boyd is hit by Stefan Noesen and loses puck.
13:57 of 2nd period - Off-side.
13:58 of 2nd period - Nico Hischier wins face-off versus Carter Verhaeghe in neutral zone.
14:15 of 2nd period - Snap shot by Drake Batherson.
14:15 of 2nd period - Deflect By Kevin Fiala.
14:15 of 2nd period - Stopped by Jacob Markstrom without a rebound.
14:16 of 2nd period - Nick Foligno wins face-off versus Travis Boyd in San Jose Sharks zone.
14:17 of 2nd period - Snap shot by Alex Ovechkin.
14:17 of 2nd period - Goal by Alex Ovechkin - Washington Capitals : 2 - San Jose Sharks : 1.
14:18 of 2nd period - Nico Hischier wins face-off versus Morgan Geekie in neutral zone.
14:27 of 2nd period - Snap shot by Morgan Geekie.
14:27 of 2nd period - Stopped by Jake Oettinger with a rebound.
14:29 of 2nd period - Wrist shot by Anthony Beauvillier.
14:29 of 2nd period - Shot Misses the Net.
14:31 of 2nd period - Slapshot by Connor Murphy.
14:31 of 2nd period - Shot Misses the Net.
14:33 of 2nd period - Slapshot by Marcus Pettersson.
14:33 of 2nd period - Stopped by Jake Oettinger with a rebound.
14:49 of 2nd period - Wrist shot by Nikita Zadorov.
14:49 of 2nd period - Shot Blocked by Connor Murphy.
14:51 of 2nd period - Snap shot by Nick Foligno.
14:51 of 2nd period - Stopped by Jacob Markstrom with a rebound.
15:13 of 2nd period - Snap shot by Kevin Fiala.
15:13 of 2nd period - Stopped by Jake Oettinger with a rebound.
15:41 of 2nd period - John Carlson is hit by Josh Manson and loses puck.
15:52 of 2nd period - Slapshot by Fabian Zetterlund.
15:52 of 2nd period - Stopped by Jacob Markstrom with a rebound.
15:54 of 2nd period - Slapshot by Nick Jensen.
15:54 of 2nd period - Deflect By Fabian Zetterlund.
15:54 of 2nd period - Shot Blocked by Kevin Fiala.
15:54 of 2nd period - Puck is out of play.
15:55 of 2nd period - Nico Hischier wins face-off versus Anthony Beauvillier in San Jose Sharks zone.
16:00 of 2nd period - Wrist shot by Drake Batherson.
16:00 of 2nd period - Shot Blocked by Connor Murphy.
16:06 of 2nd period - Slapshot by Connor Murphy.
16:06 of 2nd period - Shot Blocked by Nikita Zadorov.
16:11 of 2nd period - Off-side.
16:12 of 2nd period - Nick Foligno wins face-off versus Travis Boyd in neutral zone.
16:39 of 2nd period - Slapshot by Morgan Geekie.
16:39 of 2nd period - Shot Misses the Net.
16:47 of 2nd period - Ilya Mikheyev is hit by Drake Batherson and loses puck.
17:20 of 2nd period - Snap shot by Max Domi.
17:20 of 2nd period - Shot Hit the Post.
17:22 of 2nd period - Wrist shot by Connor Murphy.
17:22 of 2nd period - Shot Blocked by John Carlson.
17:24 of 2nd period - Slapshot by Connor Murphy.
17:24 of 2nd period - Shot Blocked by Lars Eller.
17:59 of 2nd period - Slapshot by Nico Hischier.
17:59 of 2nd period - Stopped by Jacob Markstrom with a rebound.
18:01 of 2nd period - Snap shot by Jason Robertson.
18:01 of 2nd period - Stopped by Jacob Markstrom without a rebound.
18:02 of 2nd period - Nick Foligno wins face-off versus Travis Boyd in San Jose Sharks zone.
18:23 of 2nd period - Minor Penalty to Max Domi for High sticking.
18:24 of 2nd period - Nick Foligno wins face-off versus Kevin Fiala in San Jose Sharks zone.
19:55 of 2nd period - Marcus Pettersson is hit by Owen Tippett and loses puck.
Goals for this period are 1 for Washington Capitals vs 1 for San Jose Sharks.
Shots for this period are 14 for Washington Capitals vs 9 for San Jose Sharks.

3rd period


0:01 of 3rd period - Nico Hischier wins face-off versus Casey Cizikas in neutral zone.
0:23 of 3rd period - Penalty to Max Domi is over, Max Domi is back on ice.
0:38 of 3rd period - Snap shot by Drake Batherson.
0:38 of 3rd period - Shot Misses the Net.
0:54 of 3rd period - Wrist shot by Anthony Beauvillier.
0:54 of 3rd period - Deflect By John Carlson.
0:54 of 3rd period - Stopped by Jake Oettinger without a rebound.
0:55 of 3rd period - Nick Foligno wins face-off versus Kevin Fiala in Washington Capitals zone.
1:10 of 3rd period - Wrist shot by Alex Ovechkin.
1:10 of 3rd period - Stopped by Jacob Markstrom with a rebound.
1:30 of 3rd period - Slapshot by Kevin Fiala.
1:30 of 3rd period - Shot Blocked by Nick Jensen.
1:48 of 3rd period - James van Riemsdyk is hit by Max Domi and loses puck.
2:18 of 3rd period - Icing by Brandon Tanev.
2:19 of 3rd period - Casey Cizikas wins face-off versus Nico Hischier in San Jose Sharks zone.
2:19 of 3rd period - Casey Cizikas is hit by Nikita Zadorov.
2:49 of 3rd period - Snap shot by Lars Eller.
2:49 of 3rd period - Deflect By Owen Tippett.
2:49 of 3rd period - Stopped by Jacob Markstrom without a rebound.
2:50 of 3rd period - Morgan Geekie wins face-off versus Lars Eller in San Jose Sharks zone.
3:01 of 3rd period - Snap shot by Morgan Geekie.
3:01 of 3rd period - Stopped by Jake Oettinger without a rebound.
3:02 of 3rd period - Morgan Geekie wins face-off versus Nick Foligno in Washington Capitals zone.
3:09 of 3rd period - Snap shot by Morgan Geekie.
3:09 of 3rd period - Shot Misses the Net.
3:11 of 3rd period - Snap shot by Ilya Mikheyev.
3:11 of 3rd period - Stopped by Jake Oettinger without a rebound.
3:12 of 3rd period - Nick Foligno wins face-off versus Morgan Geekie in Washington Capitals zone.
3:12 of 3rd period - Nick Foligno is hit by Marcus Pettersson.
3:22 of 3rd period - Snap shot by Morgan Geekie.
3:22 of 3rd period - Stopped by Jake Oettinger without a rebound.
3:23 of 3rd period - Nico Hischier wins face-off versus Ilya Mikheyev in Washington Capitals zone.
3:52 of 3rd period - Wrist shot by Andre Burakovsky.
3:52 of 3rd period - Stopped by Jake Oettinger with a rebound.
4:14 of 3rd period - Wrist shot by James van Riemsdyk.
4:14 of 3rd period - Stopped by Jacob Markstrom without a rebound.
4:15 of 3rd period - Ilya Mikheyev wins face-off versus Nico Hischier in San Jose Sharks zone.
4:22 of 3rd period - Wrist shot by Drake Batherson.
4:22 of 3rd period - Shot Misses the Net.
4:28 of 3rd period - Snap shot by Drake Batherson.
4:28 of 3rd period - Stopped by Jacob Markstrom with a rebound.
4:33 of 3rd period - Icing by Mattias Samuelsson.
4:34 of 3rd period - Ilya Mikheyev wins face-off versus Sean Kuraly in San Jose Sharks zone.
4:39 of 3rd period - Snap shot by Sean Kuraly.
4:39 of 3rd period - Stopped by Jacob Markstrom with a rebound.
4:41 of 3rd period - Snap shot by Sean Kuraly.
4:41 of 3rd period - Shot Misses the Net.
4:43 of 3rd period - Wrist shot by Sean Kuraly.
4:43 of 3rd period - Goal by Sean Kuraly - Washington Capitals : 3 - San Jose Sharks : 1.
4:44 of 3rd period - Nick Foligno wins face-off versus Morgan Geekie in neutral zone.
5:22 of 3rd period - Snap shot by Ilya Mikheyev.
5:22 of 3rd period - Shot Blocked by Nick Jensen.
5:25 of 3rd period - Icing by Nico Hischier.
5:26 of 3rd period - Max Domi wins face-off versus Jason Robertson in Washington Capitals zone.
6:08 of 3rd period - Minor Penalty to Tyler Myers for Tripping.
6:09 of 3rd period - Ilya Mikheyev wins face-off versus Nick Foligno in Washington Capitals zone.
6:19 of 3rd period - Slapshot by Andre Burakovsky.
6:19 of 3rd period - Shot Misses the Net.
6:21 of 3rd period - Slapshot by Marcus Pettersson.
6:21 of 3rd period - Stopped by Jake Oettinger without a rebound.
6:22 of 3rd period - Ilya Mikheyev wins face-off versus Nick Foligno in Washington Capitals zone.
7:01 of 3rd period - Wrist shot by Kevin Fiala.
7:01 of 3rd period - Shot Misses the Net.
7:03 of 3rd period - Wrist shot by Kevin Fiala.
7:03 of 3rd period - Shot Misses the Net.
7:05 of 3rd period - Slapshot by Marcus Pettersson.
7:05 of 3rd period - Stopped by Jake Oettinger without a rebound.
7:06 of 3rd period - Nick Foligno wins face-off versus Ilya Mikheyev in Washington Capitals zone.
7:06 of 3rd period - Nick Foligno is hit by Ilya Mikheyev.
8:08 of 3rd period - Penalty to Tyler Myers is over, Tyler Myers is back on ice.
8:16 of 3rd period - Wrist shot by Owen Tippett.
8:16 of 3rd period - Shot Misses the Net.
8:50 of 3rd period - Snap shot by Stefan Noesen.
8:50 of 3rd period - Stopped by Jacob Markstrom without a rebound.
8:51 of 3rd period - Sean Kuraly wins face-off versus Morgan Geekie in San Jose Sharks zone.
8:54 of 3rd period - Wrist shot by James van Riemsdyk.
8:54 of 3rd period - Shot Misses the Net.
9:56 of 3rd period - Wrist shot by Fabian Zetterlund.
9:56 of 3rd period - Stopped by Jacob Markstrom without a rebound.
9:57 of 3rd period - Lars Eller wins face-off versus Travis Boyd in San Jose Sharks zone.
10:05 of 3rd period - Off-side.
10:06 of 3rd period - Travis Boyd wins face-off versus Nick Foligno in neutral zone.
10:32 of 3rd period - Slapshot by Max Domi.
10:32 of 3rd period - Stopped by Jake Oettinger without a rebound.
10:33 of 3rd period - Sean Kuraly wins face-off versus Morgan Geekie in Washington Capitals zone.
10:35 of 3rd period - Minor Penalty to Stefan Noesen for High sticking.
10:36 of 3rd period - Ilya Mikheyev wins face-off versus Nico Hischier in Washington Capitals zone.
10:46 of 3rd period - Wrist shot by Ilya Mikheyev.
10:46 of 3rd period - Deflect By Nico Hischier.
10:46 of 3rd period - Stopped by Jake Oettinger without a rebound.
10:47 of 3rd period - Nico Hischier wins face-off versus Ilya Mikheyev in Washington Capitals zone.
11:15 of 3rd period - Snap shot by Carter Verhaeghe.
11:15 of 3rd period - Stopped by Jake Oettinger with a rebound.
11:19 of 3rd period - Wrist shot by Carter Verhaeghe.
11:19 of 3rd period - Shot Blocked by Nikita Zadorov.
11:21 of 3rd period - Snap shot by Carter Verhaeghe.
11:21 of 3rd period - Stopped by Jake Oettinger with a rebound.
11:23 of 3rd period - Slapshot by Marcus Pettersson.
11:23 of 3rd period - Stopped by Jake Oettinger with a rebound.
12:35 of 3rd period - Penalty to Stefan Noesen is over, Stefan Noesen is back on ice.
12:47 of 3rd period - Off-side.
12:48 of 3rd period - Morgan Geekie wins face-off versus Lars Eller in neutral zone.
13:03 of 3rd period - Anthony Beauvillier is hit by Owen Tippett and loses puck.
13:13 of 3rd period - Minor Penalty to Tyler Myers for Tripping.
13:14 of 3rd period - Ilya Mikheyev wins face-off versus Nick Foligno in Washington Capitals zone.
13:39 of 3rd period - Marcus Pettersson is hit by Tom Wilson and loses puck.
14:05 of 3rd period - Max Domi is hit by Sean Kuraly and loses puck.
15:13 of 3rd period - Penalty to Tyler Myers is over, Tyler Myers is back on ice.
15:56 of 3rd period - Minor Penalty to John Carlson for Tripping.
15:57 of 3rd period - Nick Foligno wins face-off versus Ilya Mikheyev in Washington Capitals zone.
17:56 of 3rd period - Penalty to John Carlson is over, John Carlson is back on ice.
18:08 of 3rd period - Wrist shot by Tom Wilson.
18:08 of 3rd period - Stopped by Jacob Markstrom without a rebound.
18:09 of 3rd period - Travis Boyd wins face-off versus Lars Eller in San Jose Sharks zone.
18:38 of 3rd period - Slapshot by Alex Ovechkin.
18:38 of 3rd period - Shot Misses the Net.
18:40 of 3rd period - Slapshot by John Carlson.
18:40 of 3rd period - Shot Blocked by Kevin Fiala.
18:50 of 3rd period - Marcus Pettersson is hit by Ian Cole and loses puck.
19:55 of 3rd period - Icing by Alex Ovechkin.
19:56 of 3rd period - Casey Cizikas wins face-off versus Nick Foligno in Washington Capitals zone.
Goals for this period are 1 for Washington Capitals vs 0 for San Jose Sharks.
Shots for this period are 9 for Washington Capitals vs 12 for San Jose Sharks.